 Dungeon Sprint DCSS version 0.27-a0-650-g8dd3ea4f36 (webtiles) character file.

Game seed: 8281180557960017510

1407 Liquidunit the Fighter (level 8, -4/83 HPs)
             Began as a Minotaur Fighter on Mar 15, 2021.
             Was an Elder of Okawaru.
             Slain by a troll (9 damage)
             ... in the Dungeon (Sprint IX: "|||||||||||||||||||||||||||||").
             The game lasted 00:01:56 (358 turns).

Liquidunit the Fighter (Minotaur Fighter)            Turns: 358, Time: 00:01:59

Health: -4/83      AC: 11    Str: 24    XL:     8   Next: 42%
Magic:  7/7        EV: 12    Int:  5    God:    Okawaru [****..]
Gold:   0          SH: 13    Dex: 12    Spells: 7/7 levels left

rFire    . . .     SeeInvis .   q - +1 broad axe (vorpal)
rCold    . . .     Faith    .   c - +0 kite shield
rNeg     . . .     Spirit   .   o - +2 ring mail
rPois    .         Reflect  .   (helmet restricted)
rElec    .         Harm     .   (no cloak)
rCorr    .         Rampage  .   p - +0 pair of gloves
Will     .....     NoTele   +   (no boots)
Stlth    +.........             (no amulet)
HPRegen  0.23/turn              m - +3 ring of dexterity
MPRegen  0.10/turn              n - +2 ring of evasion

@: berserk cooldown, very slightly contaminated, slowed, invisible, very slow
A: horns 2, retaliatory headbutt
a: Renounce Religion, Heroism


You were in the Dungeon.
You worshipped Okawaru.
Okawaru was greatly pleased with you.
You visited 1 branch

Inventory:

Hand Weapons
 a - a +0 war axe
 q - a +1 vorpal broad axe (weapon)
Armour
 b - a +0 scale mail
 c - a +0 kite shield (worn)
 o - a +2 ring mail (worn)
 p - a +0 pair of gloves (worn)
Jewellery
 m - a +3 ring of dexterity (right hand)
 n - a +2 ring of evasion (left hand)
Wands
 l - a wand of iceblast (10)
Scrolls
 j - 2 scrolls of blinking
 k - 2 scrolls of amnesia
Potions
 f - 4 potions of curing
 g - a potion of haste
 h - 4 potions of magic


   Skills:
 + Level 11.7 Fighting
 + Level 11.4 Axes
 + Level 11.6 Armour
 + Level 11.6 Shields


You had 7 spell levels left.
You didn't know any spells.
Your spell library was empty.

Dungeon Overview and Level Annotations

Branches:
Dungeon (1/1)

Altars:
Cheibriados
Dithmenos
Elyvilon
Fedhas
Gozag
Hepliaklqana
Kikubaaqudgha
Makhleb
Nemelex Xobeh
Okawaru
Qazlal
Ru
Sif Muna
Trog
Uskayaw
Vehumet
Wu Jian
Xom
Yredelemnul
Zin
The Shining One
Beogh
Jiyva
Lugonu


Innate Abilities, Weirdness & Mutations

You have a pair of horns on your head.
You reflexively headbutt those who attack you in melee.


Message History

You have reached level 8!
You feel stronger.
You slice the vampire mosquito!!
You destroy the vampire mosquito!
Okawaru accepts your kill.
You are no longer berserk.
You are exhausted.
You feel yourself slow down. The troll barely misses you.
You block the troll's attack. x2
The troll bites you. The troll barely misses you. The troll claws you.
* * * LOW HITPOINT WARNING * * *
You barely miss the troll. You block the troll's attack.
The troll completely misses you. You block the troll's attack.
You slash the troll!
The troll is moderately wounded.
You block the troll's attack. The troll closely misses you.
You block the troll's attack. The troll barely misses you. The troll claws you.
* * * LOW HITPOINT WARNING * * *
The troll closely misses you.
You feel much better. The troll bites you but does no damage.
The troll claws you but does no damage. You block the troll's attack.
You fade into invisibility!
The troll bites you!
* * * LOW HITPOINT WARNING * * *
The troll misses you. You block the troll's attack. The troll misses you.
You block the troll's attack. x2
You are very lightly contaminated with residual magic.
Okay, then.
You closely miss the troll.
The troll is moderately wounded.
You block the troll's attack. The troll closely misses you.
The troll misses you.
You slash the troll! Your headbutt misses the troll.
The troll is severely wounded.
The troll bites you!
* * * LOW HITPOINT WARNING * * *
You block the troll's attack. x2; The troll bites you!
* * * LOW HITPOINT WARNING * * *
The troll claws you!
You die...

▓†▓
▓.▓
▓.▓
▓.▓
▓.▓
▓.▓
▓.▓
▓†▓
▓@▓
▓T▓
▓Z▓
▓.▓
▓.▓
▓.▓
▓+▓


You could see a troll and a bat skeleton.

Vanquished Creatures
  2 manticores (D)
  A vampire mosquito (D)
  2 sky beasts (D)
  2 phantoms (D)
  A bullfrog (D)
  A killer bee (D)
  A hound (D)
  An orc wizard (D)
  A worker ant (D)
  A gnoll (D)
  A white imp (D)
  A giant cockroach (D)
  A goblin (D)
  A hobgoblin (D)
  2 jackals (D)
  A bat (D)
20 creatures vanquished.

Notes
Turn   | Place    | Note
-------+----------+-------------------------------------------
     0 | D        | Liquidunit the Minotaur Fighter began the quest for the
                  | Orb.
     0 | D        | Reached XP level 1. HP: 19/19 MP: 0/0
    17 | D        | Noticed an orc wizard
    17 | D        | Noticed a phantom
    17 | D        | Noticed a hound
    21 | D        | Reached XP level 2. HP: 18/28 MP: 1/1
    36 | D        | Reached skill level 5 in Fighting
    36 | D        | Reached skill level 5 in Armour
    36 | D        | Reached skill level 5 in Shields
    36 | D        | Reached XP level 3. HP: 34/36 MP: 2/2
    41 | D        | Killed a phantom
    42 | D        | Reached XP level 4. HP: 36/45 MP: 3/3
    44 | D        | Reached XP level 5. HP: 43/52 MP: 4/4
    51 | D        | Found a snail-covered altar of Cheibriados.
    51 | D        | Found a shadowy altar of Dithmenos.
    51 | D        | Found a white marble altar of Elyvilon.
    51 | D        | Found a blossoming altar of Fedhas.
    51 | D        | Found an opulent altar of Gozag.
    52 | D        | Found a hazy altar of Hepliaklqana.
    53 | D        | Found a viscous altar of Jiyva.
    54 | D        | Found an ancient bone altar of Kikubaaqudgha.
    55 | D        | Found a corrupted altar of Lugonu.
    56 | D        | Found a burning altar of Makhleb.
    57 | D        | Found a sparkling altar of Nemelex Xobeh.
    58 | D        | Found an iron altar of Okawaru.
    59 | D        | Found a stormy altar of Qazlal.
    60 | D        | Found a sacrificial altar of Ru.
    61 | D        | Found a shimmering blue altar of Sif Muna.
    62 | D        | Found a bloodstained altar of Trog.
    63 | D        | Found a hide-covered altar of Uskayaw.
    64 | D        | Found a radiant altar of Vehumet.
    65 | D        | Found an ornate altar of the Wu Jian Council.
    66 | D        | Became a worshipper of Warmaster Okawaru
    67 | D        | Found a shimmering altar of Xom.
    68 | D        | Found a basalt altar of Yredelemnul.
    69 | D        | Found a glowing silver altar of Zin.
    70 | D        | Found a glowing golden altar of the Shining One.
   300 | D        | Noticed a sky beast
   300 | D        | Noticed a phantom
   306 | D        | Killed a sky beast
   311 | D        | Killed a phantom
   312 | D        | Reached XP level 6. HP: 51/62 MP: 5/5
   331 | D        | Noticed a manticore
   331 | D        | Noticed a sky beast
   331 | D        | Noticed a manticore
   331 | D        | Noticed a vampire mosquito
   331 | D        | Noticed a troll
   337 | D        | Killed a manticore
   337 | D        | Reached * piety under Okawaru
   337 | D        | Reached ** piety under Okawaru
   338 | D        | Reached skill level 10 in Fighting
   338 | D        | Reached skill level 10 in Axes
   338 | D        | Reached skill level 10 in Armour
   338 | D        | Reached skill level 10 in Shields
   338 | D        | Reached XP level 7. HP: 73/73 MP: 6/6
   350 | D        | Killed a manticore
   350 | D        | Reached *** piety under Okawaru
   351 | D        | Reached XP level 8. HP: 46/82 MP: 7/7
   351 | D        | Reached **** piety under Okawaru
   358 | D        | Slain by a troll

Illustrated notes

Levels and vault maps discovered:
D:        linesprint [early_d, line_temple, items_1, d_10, items_2, lair_1,
          lair_end, items_3, orc_1, orc_end, items_4, d_15, swamp_1, shoals_1,
          snake_1, spider_1, d_20, vaults_1, items_5, swamp_end, shoals_end,
          snake_end, spider_end, vaults_end, d_27, items_6, zot_1, zot_end,
          crypt_end, forest_end, elf_end, slime_end, tomb_end, abyss_end,
          pan_hell_end]

Skill      XL: |  1  2  3  4  5  6  7 |
---------------+----------------------+-----
Fighting       | 4 5 6 7 8 10 11 | 11.7
Armour         | 4 5 6 7 8 10 11 | 11.6
Shields        | 4 5 6 7 8 10 11 | 11.6
Axes           | 3 4 6 8 10 11 | 11.4

Action                   |  1- 3 |  4- 6 |  7- 9 || total
-------------------------+-------+-------+-------++-------
Melee: War axe           |    25 |     5 |       ||    30
       Headbutt          |     4 |     5 |       ||     9
       Broad axe         |       |    27 |    17 ||    44
  Use: Potion            |     3 |     2 |     2 ||     7
Armor: Scale mail        |     6 |       |       ||     6
       Ring mail         |       |    10 |     7 ||    17
Dodge: Dodged            |     9 |    10 |    13 ||    32
Block: Kite shield       |    14 |    22 |    16 ||    52

Table legend: (Time is in decaauts)
 A = Elapsed time spent in this place.
 B = Non-inter-level travel time spent in this place.
 C = Inter-level travel time spent in this place.
 D = Time resting spent in this place.
 E = Time spent auto-exploring this place.
 F = Levels seen in this place.
 G = Mean time per level.
                   A        B        C        D        E       F      G
               +--------+--------+--------+--------+--------+-----+--------+
         Total |    378 |    378 |      0 |    171 |      0 |   1 |  378.0 |
       Dungeon |    378 |    378 |      0 |    171 |      0 |   1 |  378.0 |
               +--------+--------+--------+--------+--------+-----+--------+

Top non-repeatable levels by time:
       D: 378 daAuts
